 Dungeon Crawl Stone Soup version 0.27.1-33-g824d729ab1 (webtiles) character file.

Game seed: 4184785925944673825

23051 13raion the Severer (level 12, 0/118 HPs)
             Began as a Minotaur Berserker on Dec 2, 2021.
             Was a High Priest of Trog.
             Killed from afar by a smoke demon (13 damage)
             ... with a ball of steam
             ... on level 2 of the Abyss.
             The game lasted 00:31:34 (10234 turns).

13raion the Severer (Minotaur Berserker)           Turns: 10234, Time: 00:31:38

Health: 0/118      AC: 24    Str: 25    XL:     12   Next: 68%
Magic:  11/11      EV: 10    Int:  4    God:    Trog [*****.]
Gold:   1652       SH:  0    Dex: 18    Spells: 11/11 levels left

rFire    . . .     SeeInvis .   o - +1 war axe
rCold    . . .     Faith    .   (no shield)
rNeg     . . .     Spirit   .   i - +2 plate armour
rPois    .         Reflect  .   (helmet restricted)
rElec    .         Harm     .   n - +1 cloak
rCorr    .         Rampage  .   h - +0 pair of gloves
Will     ++...                  (no boots)
Stlth    ..........             C - amulet of regeneration
HPRegen  2.29/turn              e - +4 ring of protection
MPRegen  0.12/turn              d - +6 ring of dexterity

@: strong-willed, regenerating
A: horns 2, retaliatory headbutt
a: Renounce Religion, Berserk, Trog's Hand, Brothers in Arms


You were on level 2 of the Abyss.
You worshipped Trog.
Trog was extremely pleased with you.
You visited 1 branch of the dungeon, and saw 11 of its levels.
You visited the Abyss 1 time.

You collected 1652 gold pieces.

Inventory:

Hand Weapons
 a - a +0 hand axe
 o - a +1 war axe (weapon)
Missiles
 u - 5 throwing nets (quivered)
Armour
 h - a +0 pair of gloves (worn)
 i - a +2 plate armour (worn)
 n - a +1 cloak (worn)
Jewellery
 c - a ring of fire
 d - a +6 ring of dexterity (right hand)
 e - a +4 ring of protection (left hand)
 l - a +6 ring of dexterity
 w - a ring of positive energy
 z - a ring of see invisible
 C - an amulet of regeneration (around neck)
 E - a ring of positive energy
 H - an amulet of magic regeneration
Wands
 m - a wand of mindburst (7)
 q - a wand of iceblast (13)
 x - a wand of flame (20)
 y - a wand of polymorph (8)
Scrolls
 b - 4 scrolls of noise
 k - a scroll of enchant weapon
 r - a scroll of magic mapping
 s - a scroll of fear {unknown}
 t - a scroll of torment
 v - 4 scrolls of fog
 B - 3 scrolls of teleportation
 F - a scroll of summoning {unknown}
 G - a scroll of identify
Potions
 f - 4 potions of curing
 g - 4 potions of might
 j - a potion of haste
 p - 2 potions of mutation
 A - 2 potions of degeneration
Miscellaneous
 I - a piece from Xom's chessboard (15/15)


   Skills:
 * Level 14.8 Fighting
 + Level 16.4 Axes
 * Level 10.2 Armour
 * Level 6.0 Dodging
 + Level 0.8 Evocations


You had 11 spell levels left.
You didn't know any spells.
Your spell library was empty.

Dungeon Overview and Level Annotations

Branches:
Dungeon (11/15)            Temple (0/1) D:4            Lair (0/6) D:9
    Orc (0/2) D:10

Altars:
Cheibriados
Dithmenos
Hepliaklqana
Makhleb
Okawaru
Qazlal
Ru
Trog
Uskayaw
Vehumet
Yredelemnul
The Shining One

Shops:
D:1 *

Annotations:
D:11 Psyche


Innate Abilities, Weirdness & Mutations

You have a pair of horns on your head.
You reflexively headbutt those who attack you in melee.


Message History

* * * LOW HITPOINT WARNING * * *
The white imp hits you.
* * * LOW HITPOINT WARNING * * *
The white imp freezes you.
* * * LOW HITPOINT WARNING * * *
You feel much better. The smoke demon gestures at you.
The sticky flame hits you but does no damage.
You are covered in liquid flames!
The white imp gestures at you.
The puff of frost hits you but does no damage.
You slash the white imp!
You kill the white imp!
Trog accepts your kill.
You are covered in liquid flames!
The smoke demon gestures at you. The ball of steam hits you!!
* * * LOW HITPOINT WARNING * * *
You are covered in liquid flames!
* * * LOW HITPOINT WARNING * * *
You recover from your berserk rage.
Your plate armour prevents you from hitting the smoke demon.
You headbutt the smoke demon.
The smoke demon is lightly wounded.
You are covered in liquid flames!
* * * LOW HITPOINT WARNING * * *
The smoke demon gestures at you. The sticky flame misses you.
You slash the smoke demon! Your headbutt misses the smoke demon.
The smoke demon is heavily wounded.
You are covered in liquid flames!
* * * LOW HITPOINT WARNING * * *
You are no longer on fire.
You barely miss the smoke demon. You headbutt the smoke demon.
The smoke demon is severely wounded.
You are engulfed in a cloud of scalding steam.
* * * LOW HITPOINT WARNING * * *
The smoke demon gestures at you. The ball of steam hits you!
You die...

.#..# ##. . ##.#
.#....##.##..#..#
..#.##.....#.#...# .
#
#..#..#..#.#.#..#..
..####..#.....#...##
## .....#..... .#...
#. # #.#.§...#§#X #
## # #.##...§.X##§#
X# . .# .
.......@3#§..# .
#XX#
#......§.#.XX.###


XXX . .....##...#...# ##. . ..## ..§...# #. ..... . . ##...#.# .. # . . ##..###
X#. # # # ###. . # . .. # .. You could see a starcursed mass and a smoke demon.

Vanquished Creatures
  A tentacled starspawn (Abyss:2)
  A balrug (Abyss:2)
  A boulder beetle (D:11)
  Harold (D:9)
  4 two-headed ogres
  The ghost of Vyran the Blocker, a novice GnFi of Yredelemnul (D:7)
  2 thrashing horrors (Abyss:2)
  A wretched star (Abyss:2)
  A storm dragon skeleton (Abyss:2)
  A glowing orange brain (Abyss:2)
  A wolf spider zombie (D:7)
  An orc sorcerer (Abyss:2)
  A cyclops (D:8)
  Joseph (D:8)
  A gargoyle (D:10)
  2 hellwings (D:7)
  A tengu conjurer (D:11)
  2 hornets
  3 trolls
  A meliai zombie (D:11)
  7 yaks (D:11)
  A vampire (D:11)
  A starcursed mass (Abyss:2)
  4 fire bats (Abyss:2)
  2 large abominations (Abyss:2)
  2 wyverns (D:9)
  A ynoxinul (Abyss:2)
  A basilisk (D:9)
  A steam dragon (D:8)
  An acid dragon (D:10)
  2 water moccasins
  A sky beast (D:7)
  3 orc warriors
  2 black bears (D:5)
  2 ogres (D:7)
  2 ice beasts
  2 necrophages
  A wolf (D:9)
  A phantom (D:5)
  4 centaurs
  3 bullfrogs
  A kobold brigand (D:8)
  A wyvern zombie (D:5)
  3 scorpions
  A gnoll sergeant (D:7)
  7 killer bees (D:9)
  4 wights (D:7)
  A howler monkey (D:4)
  5 electric eels (D:9)
  A bullfrog zombie (D:6)
  8 centaur zombies
  5 orc priests
  9 hounds
  3 jellies
  3 bullfrog skeletons
  3 centaur skeletons
  3 gnoll shamans
  An iguana (D:4)
  Natasha (thrice) (D:3)
  7 orc wizards
  A hound zombie (D:5)
  A hound skeleton (D:2)
  2 howler monkey zombies
  16 gnolls
  3 howler monkey skeletons
  3 adders
  7 shadow imps
  2 white imps
  An ufetubus (Abyss:2)
  A worm (D:3)
  6 dart slugs
  24 orcs
  3 endoplasms
  3 giant cockroaches
  9 hobgoblins
  4 jackals (D:3)
  5 ball pythons
  5 bats
  5 frilled lizards
  12 goblins
  12 kobolds
  3 rats
269 creatures vanquished.

Vanquished Creatures (collateral kills)
  An orange demon (Abyss:2)
  2 starspawn tentacles (Abyss:2)
3 creatures vanquished.

Vanquished Creatures (others)
  A starspawn tentacle (Abyss:2)
  5 withered plants (D:7)
6 creatures vanquished.

Grand Total: 278 creatures vanquished

Notes
Turn   | Place    | Note
-------+----------+-------------------------------------------
     0 | D:1      | 13raion the Minotaur Berserker began the quest for the Orb.
     0 | D:1      | Reached XP level 1. HP: 19/19 MP: 0/0
   105 | D:1      | Found a faded altar of an unknown god.
   113 | D:1      | Reached skill level 4 in Axes
   113 | D:1      | Reached XP level 2. HP: 23/27 MP: 1/1
   527 | D:1      | Reached ** piety under Trog
   529 | D:1      | Reached XP level 3. HP: 32/34 MP: 2/2
   642 | D:1      | Found Soyc's Assorted Antiques.
  1048 | D:2      | Reached skill level 5 in Axes
  1227 | D:2      | Reached XP level 4. HP: 37/41 MP: 3/3
  1603 | D:3      | Noticed Natasha
  1614 | D:3      | Killed Natasha
  1615 | D:3      | Reached skill level 5 in Fighting
  1771 | D:3      | Noticed Natasha
  1780 | D:3      | Killed Natasha
  1781 | D:3      | Reached XP level 5. HP: 26/48 MP: 4/4
  2073 | D:3      | Reached skill level 6 in Axes
  2166 | D:3      | Noticed Natasha
  2179 | D:3      | Killed Natasha
  2686 | D:4      | Reached *** piety under Trog
  2832 | D:4      | Noticed a centaur
  2840 | D:4      | Killed a centaur
  2841 | D:4      | Reached skill level 7 in Axes
  2841 | D:4      | Reached XP level 6. HP: 52/56 MP: 5/5
  2923 | D:4      | Found a staircase to the Ecumenical Temple.
  3261 | D:4      | Reached skill level 8 in Axes
  3320 | D:4      | Reached XP level 7. HP: 45/63 MP: 6/6
  3472 | D:4      | Found an iron altar of Okawaru.
  3497 | D:4      | You fall into a shaft and drop 3 floors!
  3604 | D:7      | Reached skill level 9 in Axes
  3610 | D:7      | Found a burning altar of Makhleb.
  3618 | D:7      | Found a snail-covered altar of Cheibriados.
  3618 | D:7      | Found a bloodstained altar of Trog.
  3631 | D:7      | Found a glowing golden altar of the Shining One.
  3635 | D:7      | Found a stormy altar of Qazlal.
  3694 | D:7      | Reached skill level 10 in Axes
  3708 | D:7      | Reached XP level 8. HP: 29/71 MP: 7/7
  3914 | D:6      | Found a shadowy altar of Dithmenos.
  3974 | D:6      | Reached skill level 11 in Axes
  4016 | D:6      | Found a sacrificial altar of Ru.
  4282 | D:6      | Reached **** piety under Trog
  5103 | D:5      | Entered Level 5 of the Dungeon
  5105 | D:5      | Reached skill level 12 in Axes
  5152 | D:5      | Found a radiant altar of Vehumet.
  5200 | D:5      | Reached XP level 9. HP: 78/81 MP: 8/8
  6307 | D:7      | Noticed a hellwing
  6307 | D:7      | Noticed a hellwing
  6319 | D:7      | Reached skill level 13 in Axes
  6329 | D:7      | Killed a hellwing
  6333 | D:7      | Killed a hellwing
  6343 | D:7      | Reached skill level 10 in Fighting
  6348 | D:7      | Reached XP level 10. HP: 94/94 MP: 9/9
  6352 | D:7      | Reached skill level 14 in Axes
  6496 | D:7      | Found a runed translucent door.
  6652 | D:7      | Noticed Vyran's ghost (novice GnFi)
  6794 | D:7      | Killed Vyran's ghost
  6795 | D:7      | Reached skill level 15 in Axes
  7089 | D:8      | Identified a scroll of acquirement
  7089 | D:8      | Acquired 941 gold pieces
  7203 | D:8      | Noticed a cyclops
  7207 | D:8      | Killed a cyclops
  7249 | D:8      | Found a hazy altar of Hepliaklqana.
  7384 | D:8      | Reached ***** piety under Trog
  7488 | D:8      | Noticed Joseph
  7501 | D:8      | Killed Joseph
  7672 | D:8      | Found a basalt altar of Yredelemnul.
  7794 | D:9      | Reached XP level 11. HP: 104/105 MP: 10/10
  7840 | D:9      | Found a staircase to the Lair.
  8167 | D:9      | Noticed a two-headed ogre
  8168 | D:9      | Identified the +2 mace "Nexoeqai" {pain, *Noise +Blink
                  | rN+++ SInv}
  8178 | D:9      | Killed a two-headed ogre
  8327 | D:9      | Noticed Harold
  8347 | D:9      | Killed Harold
  8348 | D:9      | Reached skill level 5 in Armour
  8387 | D:9      | Found a hide-covered altar of Uskayaw.
  8514 | D:9      | Noticed a two-headed ogre
  8522 | D:9      | Killed a two-headed ogre
  8777 | D:10     | Entered Level 10 of the Dungeon
  8785 | D:10     | Found a staircase to the Orcish Mines.
  8926 | D:10     | Noticed a two-headed ogre
  8934 | D:10     | Killed a two-headed ogre
  9262 | D:10     | Noticed a lindwurm
  9305 | D:10     | Noticed a two-headed ogre
  9314 | D:10     | Killed a two-headed ogre
  9510 | D:10     | Noticed a lindwurm
  9793 | D:11     | Noticed a boulder beetle
  9799 | D:11     | Reached XP level 12. HP: 116/116 MP: 11/11
  9832 | D:11     | Killed a boulder beetle
  9833 | D:11     | Reached skill level 16 in Axes
  9833 | D:11     | Reached skill level 5 in Dodging
  9904 | D:11     | Noticed Psyche
  9909 | D:11     | Cast into level 2 of the Abyss (Psyche)
  9915 | Abyss:2  | Received a gift from Trog
  9956 | Abyss:2  | Noticed a balrug
  9966 | Abyss:2  | Killed a balrug
 10130 | Abyss:2  | Lost intelligence.
 10161 | Abyss:2  | Noticed a starcursed mass
 10180 | Abyss:2  | Noticed a tentacled starspawn
 10185 | Abyss:2  | Paralysed by accursed screaming for 2 turns
 10188 | Abyss:2  | Killed a tentacled starspawn
 10189 | Abyss:2  | Reached skill level 10 in Armour
 10200 | Abyss:2  | Paralysed by accursed screaming for 1 turns
 10234 | Abyss:2  | Killed from afar by a smoke demon

Illustrated notes

Levels and vault maps discovered:
D:1:      lightli_arrival_chessboard, layout_basic, serial_shops, shop,
          shapermc_ecumenical_altar_venn
D:2:      layout_rooms
D:3:      layout_loops_ring, serial_co_window_serial, co_window_corner_a,
          co_window_paths_a, co_window_corner_a, co_window_paths_a,
          co_window_corner_a, co_window_corner_cb, co_window_2corner,
          co_window_of_opportunity_c, co_window_broadway_a, co_window_paths_d,
          co_window_sun, glass_columns_b, glass_columns_a, uniq_natasha
D:4:      layout_basic, okawaru_ov_weapons_minmay,
          minmay_temple_entry_stoned_glass, chequers_serial_rivers_large_b,
          grunt_decor_cap
D:5:      layout_loops_cross, vehumet_altar_wand_db, st_stairs_8
D:6:      layout_basic, nicolae_ru_sacrificial_ziggurat,
          mainiacjoe_overflow_brackets, minmay_misc_feat_pillars
D:7:      cheibrodos_grave_circle, layout_rooms,
          minmay_overflow_temple_star_hex, gammafunk_ghost_grave,
          minmay_door_square, minmay_bent
D:8:      layout_basic, nicolae_hepliaklqana_hippocampus,
          general_overflow_altar, uniq_joseph
D:9:      layout_loops_cross, eat_drink_and_be_merry_uskayaw, erik_lair_island,
          uniq_harold
D:10:     layout_long_grid, orc_0_dummy, serial_glass, glass_columns_a,
          glass_columns_b, glass_columns_b, glass_columns_b, glass_columns_a,
          glass_columns_a, glass_columns_b, glass_columns_a,
          hangedman_decor_points, minmay_lindwurm_lava
D:11:     layout_stronghold, serial_bayou_ford_a, uniq_psyche
Abyss:2:  base: D:4, gammafunk_corrupted_shrine

Skill      XL: |  1  2  3  4  5  6  7  8  9 10 11 12 |
---------------+-------------------------------------+-----
Fighting       | 4 5 6 8 10 12 13 14 | 14.8
Axes           | 4 5 7 8 10 12 13 15 16 | 16.4
Armour         | 3 8 10 | 10.2
Dodging        | 4 6 |  6.0
Evocations     | |  0.8

Action                   |  1- 3 |  4- 6 |  7- 9 | 10-12 || total
-------------------------+-------+-------+-------+-------++-------
Melee: Hand axe          |    86 |    72 |       |       ||   158
       Headbutt          |    18 |    19 |    56 |   158 ||   251
       War axe           |       |    36 |   196 |   480 ||   712
Invok: Trog's Hand       |       |       |     1 |     4 ||     5
       Berserk           |       |       |     1 |     5 ||     6
       Brothers in Arms  |       |       |       |     1 ||     1
Evoke: Wand              |       |       |       |     5 ||     5
  Use: Scroll            |     3 |       |     6 |     9 ||    18
       Potion            |       |       |       |     4 ||     4
 Stab: Sleeping          |     1 |       |       |       ||     1
Armor: Animal skin       |    28 |       |       |       ||    28
       Plate armour      |     9 |    76 |   147 |   301 ||   533
Dodge: Dodged            |    64 |    29 |    69 |   174 ||   336
